 Dungeon Crawl Stone Soup version 0.29.0-4-gdea44cf6ec (webtiles) character file.

Game seed: 8939013848011088761

2435 sanka the Nimble (level 9, -8/48 HPs)
             Began as a Tengu Warper on Aug 27, 2022.
             Was a Follower of Okawaru.
             Mangled by an orc warrior
             ... wielding a +0 trident
              (19 damage)
             ... on level 7 of the Dungeon.
             The game lasted 00:09:44 (9526 turns).

sanka the Nimble (Tengu Warper)                     Turns: 9526, Time: 00:09:44

Health: -8/48      AC:  5    Str: 12    XL:     9   Next: 49%
Magic:  0/13       EV: 21    Int: 17    God:    Okawaru [*.....]
Gold:   289        SH:  0    Dex: 14    Spells: 12/12 levels left

rFire   . . .      SeeInvis .     - Unarmed
rCold   . . .      Faith    .   (no shield)
rNeg    . . .      Spirit   +   B - +0 steam dragon scales
rPois   .          Reflect  .   (helmet restricted)
rElec   .          Harm     .   (no cloak)
rCorr   .          Rampage  .   (no gloves)
Will    +....                   (boots unavailable)
Stlth   +.........              o - amulet of guardian spirit
HPRegen 0.16/turn               (no ring)
MPRegen 0.13/turn               i - ring of willpower

@: flying quickly and evasively, studying Dodging, quick
A: beak, talons 3, nimble flight
a: Renounce Religion, Heroism


You were on level 7 of the Dungeon.
You worshipped Okawaru.
Okawaru was aware of your devotion.
You visited 2 branches of the dungeon, and saw 8 of its levels.

You collected 289 gold pieces.


Innate Abilities, Weirdness & Mutations

You have a beak for a mouth.
You have claws for feet.
Your magical nature lets you fly swiftly and evasively.


   Skills:
 - Level 2.0 Fighting
 - Level 1.0 Throwing
 - Level 1.1 Armour
 + Level 12.4 Dodging
 - Level 10.0 Unarmed Combat
 - Level 2.0 Spellcasting
 - Level 2.4 Translocations


You had 12 spell levels left.
You didn't know any spells.
Your spell library contained the following spells:

 Spells                   Type           Power      Damage    Failure   Level
 Blink                    Tloc           18%        N/A       11%         2
 Gell's Gravitas          Tloc           9%         N/A       22%         3
 Lesser Beckoning         Tloc           9%         N/A       22%         3
 Teleport Other           Tloc           9%         N/A       22%         3
 Manifold Assault         Tloc           9%         N/A       90%         5

Inventory:

Hand Weapons
 w - a +5 scimitar
Missiles
 a - a boomerang
 c - 7 boomerangs of dispersal (quivered) {=f}
 t - 6 silver boomerangs
Armour
 B - +0 steam dragon scales (worn)
Magical Staves
 v - a staff of earth
Jewellery
 i - a ring of willpower (right hand)
 o - an amulet of guardian spirit (around neck)
 u - an amulet of reflection
 y - an amulet of the acrobat
Wands
 q - a wand of polymorph (8)
 r - a wand of charming (8)
 A - a wand of iceblast (8)
Scrolls
 b - 2 scrolls of blinking
 e - 2 scrolls of teleportation {@r4}
 f - 4 scrolls of fog
 g - 3 scrolls of fear
 s - a scroll of noise {!r}
 z - a scroll of identify {@r1}
 C - a scroll of enchant weapon {unknown}
Potions
 d - 5 potions of resistance {unknown}
 h - a potion of ambrosia
 j - 2 potions of mutation {!q}
 k - a potion of degeneration {unknown}
 l - a potion of invisibility {unknown}
 m - 2 potions of haste {unknown}
 n - 2 potions of curing {unknown}
 p - a potion of heal wounds {unknown}
 x - 2 potions of brilliance
 D - a potion of berserk rage {!q}

Dungeon Overview and Level Annotations

Branches:
Dungeon (7/15)             Temple (1/1) D:6

Altars:
Ashenzari
Cheibriados
Dithmenos
Elyvilon
Fedhas
Gozag
Hepliaklqana
Kikubaaqudgha
Makhleb
Nemelex Xobeh
Okawaru
Ru
Sif Muna
Trog
Uskayaw
Vehumet
Wu Jian
Xom
Yredelemnul
Zin

Shops:
D:6 (

Annotations:
D:2 1 runed translucent door, Crazy Yiuf

▒..▒.......▒.
▒..▒..▒▒...▒.
▒..▒▒▒▒▒...▒. ▒▒..▒
▒...▒. ▒▒...▒ ▒...▒.
▒▒▒▒▒▒▒....▒▒+▒▒▒▒▒▒.
▒.......▒'▒▒▒.▒▒.....
▒..)....▒......▒.....
▒..oQ...▒......▒.....
▒...o...▒......▒.....
▒.......▒......'.....
▒.......▒▒▒▒▒▒'▒.....
.....▒▒▒▒▒..▒▒..▒.....
......▒..........▒.....
.......▒..........▒.....
.......▒▒▒▒▒▒▒▒▒▒▒▒.....
▒▒▒▒▒▒


You could see an orc warrior (berserk) and an orc.


Message History

You hit the orc warrior.
The orc warrior is moderately wounded.
The orc completely misses you. The orc warrior completely misses you.
Unknown command.
You hit the orc warrior.
You claw the orc warrior, but do no damage.
The orc warrior is heavily wounded.
The orc warrior hits you with a +0 trident!
The orc misses you.
Unknown command.
You closely miss the orc warrior. You claw the orc warrior.
Your punch misses the orc warrior.
The orc warrior is heavily wounded.
The orc warrior hits you with a +0 trident.
The orc closely misses you.
You hit the orc warrior but do no damage.
The orc warrior is heavily wounded.
The orc warrior hits you with a +0 trident!
* * * LOW HITPOINT WARNING * * *
The orc closely misses you.
The orc warrior hits you with a +0 trident!
* * * LOW HITPOINT WARNING * * *
Unknown command.
You closely miss the orc warrior. You claw the orc warrior.
The orc warrior is severely wounded.
The orc warrior hits you with a +0 trident!!
You die...

Action                   |  1- 3 |  4- 6 |  7- 9 || total
-------------------------+-------+-------+-------++-------
Melee: Unarmed           |   176 |    88 |   248 ||   512
       Kick              |    74 |    31 |    86 ||   191
       Peck              |    45 |     9 |    33 ||    87
       Punch             |     5 |     3 |    17 ||    25
Invok: Heroism           |       |       |     2 ||     2
  Use: Scroll            |       |     3 |     5 ||     8
       Potion            |       |     2 |     1 ||     3
 Stab: Distracted        |       |       |     1 ||     1
Armor: Leather armour    |    21 |    28 |    15 ||    64
       Skin              |       |    17 |       ||    17
       Steam dragon scal |       |       |     5 ||     5
Dodge: Dodged            |    39 |    63 |   137 ||   239

Levels and vault maps discovered:
D:1:      dpeg_arrival_tiny_c, layout_loops_corners, serial_forest,
          infiniplex_forest_straight_2, infiniplex_forest_clump_tiny,
          infiniplex_forest_clump_small, infiniplex_forest_clump_large,
          infiniplex_forest_lined_corner, infiniplex_forest_clump_double,
          infiniplex_forest_lined_1, infiniplex_forest_lined_2,
          infiniplex_forest_zigzag_2, minmay_heptomino_l4
D:2:      layout_loops_cross, nicolae_ecumenical_oubliette, basic_altar,
          uniq_natasha, uniq_crazy_yiuf_cottage
D:3:      layout_basic, amcnicky_altar_gilded, serial_park_tiny_2,
          lemuel_another_geyser, uniq_sigmund, uniq_robin
D:4:      layout_basic
D:5:      layout_basic, serial_co_window_serial, co_window_corner_a,
          co_window_paths_a, co_window_paths_a, co_window_corner_a,
          co_window_paths_a, co_window_paths_b, co_window_of_opportunity_a,
          co_window_paths_a, co_window_paths_b, co_window_unsneaky_path_e,
          co_window_corner_b, co_window_paths_c, glass_columns_b,
          glass_columns_c, glass_columns_a, minmay_door_square
D:6:      minmay_inner_zag, layout_loops_ring,
          mainiacjoe_overflow_catch_the_wave, minmay_temple_entry_antechambers,
          doesnt_shop_hydraphobe
D:7:      layout_gridville, lemuel_round_altar, gammafunk_ghost_cemetery,
          uniq_pikel, uniq_maggie
Temple:   nicolae_temple_bog_church

Notes
Turn   | Place    | Note
-------+----------+-------------------------------------------
     0 | D:1      | sanka the Tengu Warper began the quest for the Orb.
     0 | D:1      | Reached XP level 1. HP: 12/12 MP: 4/4
   298 | D:1      | Reached XP level 2. HP: 11/17 MP: 6/6
   305 | D:1      | Reached skill level 3 in Unarmed Combat
  1684 | D:2      | Reached XP level 3. HP: 16/21 MP: 7/7
  1785 | D:2      | Found a runed translucent door.
  1786 | D:2      | Noticed Crazy Yiuf
  1849 | D:2      | Found a shimmering altar of Xom.
  1911 | D:2      | Noticed Natasha
  1917 | D:2      | Killed Natasha
  1918 | D:2      | Reached skill level 4 in Unarmed Combat
  2128 | D:2      | Reached XP level 4. HP: 26/26 MP: 8/8
  2216 | D:2      | Found a faded altar of an unknown god.
  2637 | D:3      | Found a shimmering blue altar of Sif Muna.
  2724 | D:3      | Noticed a black bear
  2748 | D:2      | Reached skill level 5 in Unarmed Combat
  3131 | D:3      | Killed a black bear
  3132 | D:3      | Reached skill level 6 in Unarmed Combat
  3132 | D:3      | Gained mutation: Your magical nature lets you fly swiftly
                  | and evasively. [Tengu growth]
  3132 | D:3      | Reached XP level 5. HP: 30/30 MP: 9/9
  3207 | D:3      | Noticed Robin
  3228 | D:3      | Killed Robin
  3301 | D:2      | Noticed Natasha
  3521 | D:3      | Noticed Sigmund
  3536 | D:3      | Killed Sigmund
  3537 | D:3      | Reached skill level 7 in Unarmed Combat
  3537 | D:3      | Reached XP level 6. HP: 14/35 MP: 4/10
  4325 | D:4      | Reached skill level 8 in Unarmed Combat
  4325 | D:4      | Reached XP level 7. HP: 37/40 MP: 9/11
  5573 | D:4      | Reached skill level 9 in Unarmed Combat
  5662 | D:2      | Killed Natasha
  5779 | D:5      | Entered Level 5 of the Dungeon
  6534 | D:5      | Reached XP level 8. HP: 16/44 MP: 3/12
  6926 | D:5      | Reached skill level 10 in Unarmed Combat
  7235 | D:6      | Reached skill level 3 in Dodging
  7248 | D:6      | Reached skill level 4 in Dodging
  7418 | D:6      | Reached skill level 5 in Dodging
  7458 | D:6      | Reached skill level 6 in Dodging
  7567 | D:6      | Identified a scroll of acquirement
  7568 | D:6      | Acquired a manual of Dodging
  7869 | D:6      | Reached skill level 7 in Dodging
  7903 | D:6      | Found a broken altar of Ashenzari.
  7975 | D:6      | Found a radiant altar of Vehumet.
  8083 | D:6      | Reached skill level 8 in Dodging
  8156 | D:6      | Found Sifesekhlau's Hydra Hut.
  8160 | D:6      | Noticed a five-headed hydra
  8180 | D:6      | Found a staircase to the Ecumenical Temple.
  8204 | D:6      | Reached XP level 9. HP: 43/48 MP: 13/13
  8306 | Temple   | Entered the Ecumenical Temple
  8451 | Temple   | Became a worshipper of Warmaster Okawaru
  8963 | D:7      | Reached skill level 9 in Dodging
  9009 | D:7      | Noticed Pikel
  9044 | D:7      | Killed Pikel
  9044 | D:7      | Reached * piety under Okawaru
  9045 | D:7      | Reached skill level 10 in Dodging
  9045 | D:7      | Reached skill level 11 in Dodging
  9288 | D:7      | Identified +0 steam dragon scales
  9289 | D:7      | Reached skill level 12 in Dodging
  9526 | D:7      | Mangled by an orc warrior

Vanquished Creatures
  Pikel (D:7)
  Sigmund (D:3)
  A steam dragon (D:7)
  2 black bears
  An ogre (D:5)
  3 centaurs
  A lemure (D:7)
  A phantom (D:4)
  A bullfrog (D:6)
  2 necrophages (D:6)
  2 scorpions
  4 wights (D:6)
  2 jellies (D:6)
  4 orc priests
  2 hounds
  Natasha (twice) (D:2)
  2 iguanas
  3 orc wizards
  Robin (D:3)
  7 adders
  2 shadow imps (D:6)
  2 white imps (D:6)
  An ufetubus (D:4)
  A dart slug (D:1)
  22 orcs
  5 ball pythons
  2 endoplasms
  2 giant cockroaches
  16 goblins
  13 hobgoblins
  2 jackals (D:2)
  11 kobolds
  A quokka (D:3)
  4 bats
  3 rats
  A bush (D:1)
131 creatures vanquished.

Vanquished Creatures (others)
  A plant (D:6)
1 creature vanquished.

Grand Total: 132 creatures vanquished
